 Dungeon Crawl Stone Soup version 0.26-a0-707-g31817bcca1 (webtiles) character file.

Game seed: 6200836339132102845

18194 somkeydreadnuts the Geomancer (level 12, -4/77 HPs)
             Began as a Gargoyle Earth Elementalist on Oct 26, 2020.
             Was an Elder of Vehumet.
             Slain by a phantasmal warrior (19 damage)
             ... on level 12 of the Dungeon on Oct 27, 2020.
             The game lasted 01:29:06 (14019 turns).

somkeydreadnuts the Geomancer (GrEE)               Turns: 14019, Time: 01:29:09

Health: -4/77      AC: 14    Str: 14    XL:     12   Next: 55%
Magic:  19/27      EV: 16    Int: 19    God:    Vehumet [****..]
Gold:   665        SH:  5    Dex: 16    Spells: 12/33 levels left

rFire    . . .     SeeInvis +   x - +6 glaive "Pettyong" {chaos, SInv}
rCold    . . .     Faith    .   (shield currently unavailable)
rNeg     + . .     Spirit   .   c - +0 robe
rPois    ∞         Reflect  +   o - +0 helmet
rElec    +         Harm     .   C - scarf {+Inv}
rCorr    .         Rampage  .   e - +1 pair of gloves
MR       .....                  y - +0 pair of boots
Stlth    ++........             K - amulet of reflection
HPRegen  0.22/turn              s - +4 ring of evasion
MPRegen  0.20/turn              I - +6 ring of dexterity

@: no status effects
A: negative energy resistance 1, electricity resistance, unbreathing,
petrification resistance, rot immunity, AC +8
a: Renounce Religion, Evoke Invisibility


You were on level 12 of the Dungeon.
You worshipped Vehumet.
Vehumet was greatly pleased with you.
You visited 2 branches of the dungeon, and saw 13 of its levels.

You collected 665 gold pieces.

Inventory:

Hand Weapons
 x - the +6 glaive "Pettyong" (weapon) {chaos, SInv}
   (You found it on level 4 of the Dungeon)

   Each time it hits an enemy it has a different, random effect.
   It lets you see invisible.
Missiles
 b - 166 stones (quivered)
Armour
 c - a +0 robe (worn)
 e - a +1 pair of gloves (worn)
 o - a +0 helmet (worn)
 y - a +0 pair of boots (worn)
 C - a scarf of invisibility (worn)
 T - a +0 buckler
Jewellery
 h - an uncursed amulet of regeneration
 s - a +4 ring of evasion (left hand)
 G - an uncursed ring of positive energy
 I - a +6 ring of dexterity (right hand)
 K - an amulet of reflection (around neck)
 M - an uncursed amulet of magic regeneration
 P - an uncursed ring of resist corrosion {unknown}
 Q - a +4 ring of slaying
 R - an uncursed ring of ice
Wands
 n - a wand of flame (54)
 u - a wand of digging (10)
 z - a wand of polymorph (15)
 N - a wand of random effects (25)
Scrolls
 a - 10 scrolls of identify
 d - 2 scrolls of amnesia
 g - a scroll of brand weapon {unknown}
 j - 4 scrolls of teleportation
 r - 5 scrolls of remove curse
 v - 3 scrolls of immolation {unknown}
 A - 2 scrolls of enchant armour
 D - a scroll of magic mapping
 E - 2 scrolls of blinking {unknown}
 F - 5 scrolls of fear {unknown}
 L - a scroll of torment {unknown}
 S - a scroll of fog {unknown}
Potions
 f - 2 potions of degeneration {unknown}
 i - 4 potions of flight {unknown}
 k - 2 potions of magic {unknown}
 l - 2 potions of might {unknown}
 m - 4 potions of cancellation {unknown}
 p - a potion of curing
 q - 2 potions of ambrosia
 t - 3 potions of mutation {unknown}
 w - a potion of resistance
 B - 2 potions of brilliance {unknown}
 H - a potion of lignification {unknown}
 J - a potion of haste {unknown}
 O - 2 potions of heal wounds {unknown}


   Skills:
 - Level 10.0 Fighting
   Level 1.4 Maces & Flails
 - Level 0.2 Polearms
 - Level 1.5 Dodging
 - Level 2.2 Stealth
 * Level 3.7 Shields
 - Level 11.1 Spellcasting
 - Level 10.0 Conjurations
 - Level 0.1 Translocations
 - Level 1.1 Transmutations
 - Level 11.4 Earth Magic


You had 12 spell levels left.
You knew the following spells:

 Your Spells              Type           Power        Failure   Level
a - Sandblast             Erth           ######       1%          1
b - Lee's Rapid Deconstr  Erth           ######....   1%          5
c - Petrify               Tmut/Erth      ####....     4%          4
d - Searing Ray           Conj           #####.       1%          2
e - Iskenderun's Mystic   Conj/Tloc      ####....     2%          4
f - Iskenderun's Battles  Conj           #####...     1%          5

Your spell library contained the following spells:

 Spells                   Type           Power        Failure   Level
 Passwall                 Tmut/Erth      ####....     1%          2
 Stone Arrow              Conj/Erth      ######       1%          3
 Inner Flame              Hex/Fire       ##......     5%          3
 Leda's Liquefaction      Hex/Erth       ####......   6%          4
 Corona                   Hex            ##.....      7%          1
 Slow                     Hex            ##......     10%         2
 Portal Projectile        Hex/Tloc       ##....       19%         3
 Cause Fear               Hex            ##........   54%         4


Dungeon Overview and Level Annotations

Branches:
Dungeon (12/15)            Temple (1/1) D:7            Lair (0/6) D:8
    Orc (0/2) D:9

Altars:
Ashenzari
Cheibriados
Dithmenos
Elyvilon
Fedhas
Gozag
Hepliaklqana
Kikubaaqudgha
Makhleb
Nemelex Xobeh
Okawaru
Qazlal
Ru
Sif Muna
Trog
Uskayaw
Vehumet
Wu Jian
Xom
Yredelemnul
Zin
The Shining One


Innate Abilities, Weirdness & Mutations

You are resistant to torment.
Your stone body is resilient. (AC +8)
You are immune to poison.
You resist negative energy. (rN+)
You are resistant to electric shocks. (rElec)
You can survive without breathing.
You are immune to petrification.
You are immune to rotting.


Message History

The mystic blast hits the phantasmal warrior but does no damage.
The phantasmal warrior completely misses you.
Unknown command.
Casting: Iskenderun's Mystic Blast (dangerous; 2% risk of failure)
Confirm with . or Enter, or press ? or * to list all spells.
Aiming: Sandblast (safe; 1% risk of failure)
Press: ? - help, Shift-Dir - straight line, f/p - phantasmal warrior
Aim: a phantasmal warrior The blast of sand hits the phantasmal warrior but does no damage.
b - 167 stones The phantasmal warrior misses you.
Casting: Sandblast (safe; 1% risk of failure)
Confirm with . or Enter, or press ? or * to list all spells.
Aiming: Sandblast (safe; 1% risk of failure)
Press: ? - help, Shift-Dir - straight line, f/p - phantasmal warrior
Aim: a phantasmal warrior The blast of sand hits the phantasmal warrior but does no damage.
b - 166 stones The phantasmal warrior hits you!!
You die...

.......................†.........
#.#......#.###################...
.....<...#.......... ........
..###....########### ########
.....#.#.# .....[...# #####
.........# ##...## .....>...#
#.W...# .........#.. #@....#
...#.....#...###(#...##+##
.........# #.W.)(#..##...##
.........# #.....#'##.....# #
.........# ##...##..'.....+..##
.....#.#.# ##..#...#.....#...
....##.#.# ...##.#.##.).##.#.#
....##.#.# ..###..#..#####..#..##
..<.##.#.#####....##........##...


You could see a phantasmal warrior.

Vanquished Creatures
  Fannar (D:11)
  A boulder beetle (D:11)
  A hydra (D:11)
  A centaur warrior (D:12)
  3 two-headed ogres
  3 ugly things
  A wolf spider (D:9)
  A cyclops (D:11)
  An elephant (D:8)
  Maurice (D:11)
  A gargoyle (D:12)
  A troll (D:11)
  2 hornets
  3 shadows (D:9)
  2 wyverns (D:8)
  8 yaks (D:11)
  2 basilisks
  A steam dragon (D:9)
  A soldier ant (D:11)
  A water moccasin (D:8)
  3 orc warriors
  3 ice beasts
  6 sky beasts
  An eye of draining (D:12)
  3 black bears
  3 necrophages
  3 phantoms
  7 ogres
  7 centaurs
  A big kobold (D:8)
  4 bullfrogs
  A gnoll sergeant (D:5)
  A wyvern skeleton (D:11)
  A scorpion (D:7)
  A troll zombie (D:9)
  10 killer bees
  9 wights
  2 electric eels (D:7)
  4 howler monkeys
  3 centaur zombies
  5 jellies
  A quasit (D:7)
  4 orc priests
  2 bullfrog skeletons
  A bullfrog zombie (D:11)
  A gnoll shaman (D:6)
  Crazy Yiuf (D:4)
  9 hounds
  2 centaur skeletons
  Jessica (D:2)
  7 iguanas
  10 worker ants
  17 orc wizards
  6 ogre zombies (D:9)
  2 hound zombies
  A hound skeleton (D:6)
  2 worker ant zombies
  A howler monkey skeleton (D:4)
  7 adders
  13 gnolls
  2 shadow imps
  2 white imps
  An ufetubus (D:9)
  An ooze (D:5)
  2 adder skeletons
  A worm (D:4)
  2 dart slugs
  7 leopard geckos
  32 orcs
  9 bats
  5 giant cockroaches
  11 goblins
  6 hobgoblins
  13 jackals
  2 quokkas
  9 frilled lizards
  3 goblin zombies (D:9)
  A jackal skeleton (D:9)
  13 kobolds
  4 orc skeletons (D:9)
  18 orc zombies (D:9)
  A quokka skeleton (D:5)
  7 rats
354 creatures vanquished.

Notes
Turn   | Place    | Note
-------+----------+-------------------------------------------
     0 | D:1      | somkeydreadnuts the Gargoyle Earth Elementalist began the
                  | quest for the Orb.
     0 | D:1      | Reached XP level 1. HP: 10/10 MP: 3/3
   291 | D:1      | Reached XP level 2. HP: 15/15 MP: 3/5
   666 | D:1      | Reached XP level 3. HP: 10/19 MP: 4/6
   844 | D:1      | Reached skill level 5 in Earth Magic
  1148 | D:2      | Noticed Jessica
  1152 | D:2      | Killed Jessica
  1152 | D:2      | Reached XP level 4. HP: 24/24 MP: 4/7
  2079 | D:3      | Found a stormy altar of Qazlal.
  2109 | D:3      | Reached skill level 1 in Maces & Flails
  2115 | D:3      | Reached XP level 5. HP: 17/28 MP: 0/8
  2444 | D:3      | Found a broken altar of Ashenzari.
  2769 | D:4      | Got an iridescent glaive
  2770 | D:4      | Identified the +6 glaive "Pettyong" {chaos, SInv} (You
                  | found it on level 4 of the Dungeon)
  2780 | D:4      | You fall into a shaft and drop 3 floors!
  2820 | D:6      | Reached XP level 6. HP: 19/33 MP: 9/9
  2824 | D:6      | Noticed a sky beast
  2838 | D:6      | Killed a sky beast
  3279 | D:6      | Reached XP level 7. HP: 29/37 MP: 5/10
  3437 | D:5      | Entered Level 5 of the Dungeon
  3533 | D:5      | Found a snail-covered altar of Cheibriados.
  3917 | D:4      | Reached skill level 10 in Earth Magic
  3963 | D:4      | Reached XP level 8. HP: 22/42 MP: 11/11
  4406 | D:4      | Found a runed translucent door.
  4407 | D:4      | Noticed Crazy Yiuf
  4418 | D:4      | Killed Crazy Yiuf
  4567 | D:5      | Learned a level 5 spell: Lee's Rapid Deconstruction
  4579 | D:5      | Found a sacrificial altar of Ru.
  5138 | D:6      | Reached skill level 5 in Spellcasting
  5308 | D:6      | Reached XP level 9. HP: 46/46 MP: 10/17
  5798 | D:6      | Found a burning altar of Makhleb.
  5924 | D:7      | Found a staircase to the Ecumenical Temple.
  5939 | Temple   | Entered the Ecumenical Temple
  6010 | Temple   | Became a worshipper of Vehumet
  7130 | D:8      | Reached * piety under Vehumet
  7130 | D:8      | Offered knowledge of Shock by Vehumet.
  7137 | D:8      | Reached XP level 10. HP: 51/51 MP: 13/23
  7402 | D:8      | Reached skill level 10 in Spellcasting
  7524 | D:8      | Found a staircase to the Lair.
  7933 | D:8      | Noticed an elephant
  7946 | D:8      | Killed an elephant
  8469 | D:9      | Found an ornate altar of the Wu Jian Council.
  8490 | D:9      | Found a shimmering altar of Xom.
  8502 | D:9      | Found a shimmering altar of Xom.
  8515 | D:9      | Reached ** piety under Vehumet
  8515 | D:9      | Offered knowledge of Searing Ray by Vehumet.
  8525 | D:9      | Learned a level 4 spell: Petrify
  8528 | D:9      | Learned a level 2 spell: Searing Ray
  8616 | D:9      | Offered knowledge of Static Discharge by Vehumet.
  8885 | D:9      | Found a glowing silver altar of Zin.
  8920 | D:9      | Found a staircase to the Orcish Mines.
  9056 | D:9      | Reached *** piety under Vehumet
  9076 | D:9      | Found a shimmering altar of Xom.
  9180 | D:9      | Found a sparkling altar of Nemelex Xobeh.
  9250 | D:9      | Noticed a wolf spider
  9265 | D:9      | Reached skill level 5 in Fighting
  9266 | D:9      | Killed a wolf spider
  9266 | D:9      | Reached skill level 1 in Transmutations
  9266 | D:9      | Reached XP level 11. HP: 30/64 MP: 11/26
  9817 | D:10     | Entered Level 10 of the Dungeon
  9831 | D:10     | Offered knowledge of Iskenderun's Mystic Blast by Vehumet.
 10370 | D:10     | Learned a level 4 spell: Iskenderun's Mystic Blast
 10637 | D:10     | Noticed a two-headed ogre
 10641 | D:10     | Killed a two-headed ogre
 11075 | D:11     | Noticed a cyan ugly thing
 11075 | D:11     | Noticed a four-headed hydra
 11101 | D:11     | Reached **** piety under Vehumet
 11102 | D:11     | Killed a white ugly thing
 11103 | D:11     | Killed a four-headed hydra
 11103 | D:11     | Reached skill level 10 in Fighting
 11422 | D:11     | Reached skill level 1 in Conjurations
 11526 | D:11     | Noticed Maurice
 11546 | D:11     | Killed Maurice
 11558 | D:11     | Offered knowledge of Iskenderun's Battlesphere by Vehumet.
 11570 | D:11     | Learned a level 5 spell: Iskenderun's Battlesphere
 11671 | D:11     | Reached skill level 5 in Conjurations
 11733 | D:11     | Noticed a cyclops
 11741 | D:11     | Killed a cyclops
 11877 | D:11     | Noticed Fannar
 11899 | D:11     | Killed Fannar
 11899 | D:11     | Reached XP level 12. HP: 65/77 MP: 6/27
 12026 | D:11     | Found a broken altar of Ashenzari.
 12287 | D:11     | Noticed a boulder beetle
 12296 | D:11     | Noticed a two-headed ogre
 12659 | D:11     | Killed a boulder beetle
 12925 | D:11     | Killed a two-headed ogre
 12957 | D:12     | Noticed a two-headed ogre
 12964 | D:12     | Killed a two-headed ogre
 13435 | D:12     | Reached skill level 1 in Shields
 13782 | D:12     | Reached skill level 10 in Conjurations
 14005 | D:12     | Noticed a centaur warrior
 14014 | D:12     | Killed a centaur warrior
 14019 | D:12     | Slain by a phantasmal warrior

Illustrated notes

Levels and vault maps discovered:
D:1:      onia_arrival_mini_maze_b, layout_loops_cross
D:2:      layout_basic, corexii_corridor_pit, minmay_misc_feat_plants,
          uniq_jessica
D:3:      layout_rooms, lemuel_crystal_altar, lemuel_crystal_altar
D:4:      layout_rooms, uniq_crazy_yiuf_cottage
D:5:      layout_loops_ring, kennysheep_slug_shrine,
          nicolae_ru_sacrificial_ziggurat
D:6:      minmay_evil_eye, layout_basic, makhleb_blood_cavern_becter,
          chequers_arboretum, amethyst_killhole
D:7:      layout_loops_ring, minmay_temple_entry_slanted, fountainhead
D:8:      layout_loops_ring, david_lair_generic
D:9:      layout_loops_ring, old_standard_altar, lemuel_coloured_pillars_altar,
          zin_statuary, xom_redecorated, zombieorc2_lemuel,
          minmay_stone_trees_small, hangedman_decor_growths, minmay_three_doors
D:10:     layout_basic
D:11:     layout_long_grid, lemuel_centaur_altar, uniq_maurice, uniq_fannar
D:12:     minmay_box_of_curves, layout_basic
Temple:   jpeg_temple_clearing

Skill      XL: |  1  2  3  4  5  6  7  8  9 10 11 12 |
---------------+-------------------------------------+-----
Earth Magic    | 4 5 6 7 8 10 11 | 11.4
Maces & Flails | 1 |  1.4
Spellcasting   | 5 9 11 | 11.1
Fighting       | 6 10 | 10.0
Transmutations | 1 |  1.1
Conjurations   | 6 10 | 10.0
Shields        | 3 |  3.7
Polearms       | |  0.2
Dodging        | |  1.5
Stealth        | |  2.2
Translocations | |  0.1

Action                   |  1- 3 |  4- 6 |  7- 9 | 10-12 || total
-------------------------+-------+-------+-------+-------++-------
Melee: Unarmed           |    12 |       |       |       ||    12
       Mace              |    13 |    79 |       |       ||    92
       Glaive            |       |    31 |   150 |   217 ||   398
 Cast: Sandblast         |    27 |    54 |    69 |   142 ||   292
       Lee's Rapid Decon |       |       |    12 |    35 ||    47
       Searing Ray       |       |       |       |     7 ||     7
       Petrify           |       |       |       |     2 ||     2
       Iskenderun's Batt |       |       |       |     5 ||     5
       Iskenderun's Myst |       |       |       |     6 ||     6
  Use: Scroll            |       |     7 |       |       ||     7
       Potion            |       |       |       |     4 ||     4
 Stab: Sleeping          |     1 |       |     1 |     2 ||     4
       Paralysed         |       |       |     2 |     3 ||     5
Armor: Robe              |    17 |    59 |    75 |   125 ||   276
Dodge: Dodged            |    30 |   134 |   161 |   241 ||   566
Block: Other             |       |       |    10 |    93 ||   103
       Reflection        |       |       |       |     6 ||     6

Table legend: (Time is in decaauts)
 A = Elapsed time spent in this place.
 B = Non-inter-level travel time spent in this place.
 C = Inter-level travel time spent in this place.
 D = Time resting spent in this place.
 E = Time spent auto-exploring this place.
 F = Levels seen in this place.
 G = Mean time per level.
                   A        B        C        D        E       F      G
               +--------+--------+--------+--------+--------+-----+--------+
         Total |  14346 |  14342 |      4 |      0 |   9487 |  13 | 1103.5 |
       Dungeon |  14255 |  14251 |      4 |      0 |   9425 |  12 | 1187.9 |
        Temple |     90 |     90 |      0 |      0 |     62 |   1 |   90.0 |
               +--------+--------+--------+--------+--------+-----+--------+

Top non-repeatable levels by time:
    D:11: 1763 daAuts
     D:8: 1542 daAuts
     D:6: 1497 daAuts
    D:10: 1456 daAuts
     D:9: 1396 daAuts
     D:1: 1104 daAuts
    D:12: 1093 daAuts
     D:5: 1066 daAuts
     D:2: 1052 daAuts
     D:7: 973 daAuts
     D:4: 685 daAuts
     D:3: 624 daAuts
  Temple: 90 daAuts
